 Dungeon Crawl Stone Soup version 0.32-a0-329-ge6c31236d6 (webtiles) character file.

Game seed: 554854902736811336

14312 timneilson the Grappler (level 12, -13/84 HPs)
             Began as an Octopode Shapeshifter on Feb 16, 2024.
             Was an Initiate of Gozag.
             Mangled by a meliai
             ... wielding a +0 hand axe
              (14 damage)
             ... on level 9 of the Dungeon.
             The game lasted 00:21:05 (9845 turns).

timneilson the Grappler (Octopode Shapeshifter)     Turns: 9845, Time: 00:21:06

Health: -13/84     AC:  1    Str: 19    XL:     12   Next: 15%
Magic:  13/13      EV: 22    Int: 12    God:    Gozag
Gold:   1042       SH:  5    Dex: 17    Spells: 10/13 levels left

rFire   . .          .
                       - Unarmed
rCold   . . .        f - melded +1 buckler
rNeg    . . .        (helmet restricted)
rPois   .            j - amulet of reflection
rElec   .            h - ring of flight
rCorr   .            u - +6 ring of dexterity
SInv    .            (no ring)
Will    .....        (no ring)
Stlth   ++           (no ring)
HPRegen 0.34/turn    (no ring)
MPRegen 0.13/turn    (no ring)
                     (no ring)

%: reflection
@: flux-form, gold aura, flying, glowing
A: glow, contaminating, almost no armour, amphibious, 8 rings, camouflage 1,
gelatinous body 1, (nimble swimmer 1), tentacles
a: Begin Untransformation, Renounce Religion, Potion Petition, Call Merchant,
Bribe Branch


You were on level 9 of the Dungeon.
You worshipped Gozag.
Gozag was most pleased with you.
You were something dangerously unstable.
You visited 2 branches of the dungeon, and saw 10 of its levels.

You collected 1168 gold pieces.
You paid 126 gold pieces to Gozag.

Inventory:

Missiles
 d - 4 curare-tipped darts (quivered)
 i - 2 atropa-tipped darts
 k - 9 poisoned darts
 s - 2 throwing nets
Armour
 f - a +1 buckler (melded)
Jewellery
 h - a ring of flight (left tentacle)
 j - an amulet of reflection (around mantle)
 o - a ring of ice
 u - a +6 ring of dexterity (right tentacle)
Talismans
 b - a beast talisman
 c - a flux talisman (active)
 p - a blade talisman
Wands
 m - a wand of iceblast (11)
 w - a wand of paralysis (6)
Scrolls
 e - 5 scrolls of teleportation
 r - 3 scrolls of amnesia
 v - a scroll of fog
 x - a scroll of identify
 y - a scroll of enchant armour
Potions
 a - 3 potions of lignification
 g - 2 potions of magic
 l - 5 potions of brilliance
 n - 3 potions of mutation
 t - a potion of curing


   Skills:
 * Level 8.7 Fighting
 * Level 9.0 Dodging
 + Level 8.8 Stealth
 - Level 4.1 Shields
 * Level 9.3 Unarmed Combat
 + Level 1.0 Spellcasting
 + Level 1.1 Air Magic
 + Level 6.2 Evocations
 * Level 8.6 Shapeshifting


You had 10 spell levels left.
You knew the following spells:

 Your Spells              Type           Power      Damage    Failure   Level
a - Swiftness             Air            3%         N/A       50%         3

Your spell library contained the following spells:

 Spells                   Type           Power      Damage    Failure   Level
 Shock                    Conj/Air       8%         1d3       24%         1
 Airstrike                Air            1%         2d(1-17)  88%         4
 Anguish                  Hex/Necr       0%         N/A       96%         4
 Cause Fear               Hex            0%         N/A       96%         4
 Enfeeble                 Hex            0%         N/A       100%        7


Dungeon Overview and Level Annotations

Branches:
Dungeon (9/15)             Temple (1/1) D:7
   Lair: D:8-11         Orc: D:9-12

Altars:
Ashenzari
Cheibriados
Dithmenos
Elyvilon
Fedhas
Gozag
Hepliaklqana
Kikubaaqudgha
Makhleb
Nemelex Xobeh
Okawaru
Qazlal
Ru
Sif Muna
Trog
Uskayaw
Vehumet
Wu Jian
Xom
Yredelemnul
Zin
The Shining One

Shops:
D:8 ?


Innate Abilities, Weirdness & Mutations

You are something dangerously unstable.
You glow with magical radiation, making you easy to see and hit.
Foes you strike become dangerously contaminated with magical radiation.
You are incapable of wielding weapons or throwing items.
You cannot wear most types of armour.
You are amphibious.
You can wear up to eight rings at the same time.
Your skin changes colour to match your surroundings (Stealth+).
Your rubbery body absorbs attacks. (AC +1, EV +1)
((You are camouflaged when in or above water. (Stealth+)))
You have tentacles for arms and can constrict up to eight enemies at once.


Message History

The centaur warrior is almost dead.
The cyclops barely misses you. The centaur warrior closely misses you.
The centaur warrior misses you.
A boulder beetle comes into view.
You barely miss the centaur warrior. You squeeze the centaur warrior.
The centaur warrior is almost dead.
The centaur warrior closely misses you. The centaur warrior kicks you.
* * * LOW HITPOINT WARNING * * *
Unknown command.
You tentacle-slap the centaur warrior.
You kill the centaur warrior!
A meliai comes into view.
It is wielding a +0 hand axe and wearing the ring of Acuixt {rPois rN+ Str+4 Slay+4}.
The meliai calls down the wrath of its god upon you.
Something smites you!
* * * LOW HITPOINT WARNING * * *
The cyclops hits you.
* * * LOW HITPOINT WARNING * * *
Your Dodging skill increases to level 9!
Your Spellcasting skill increases to level 1!
You barely miss the meliai. Your grab misses the meliai.
Your squeeze misses the meliai. The meliai completely misses you.
The meliai stings you!
* * * LOW HITPOINT WARNING * * *
The meliai is distracted by your dazzling golden aura.
The cyclops closely misses you.
Unknown command.
The meliai buzzes angrily.
You tentacle-slap the meliai.
The meliai begins to glow.
The meliai is no longer distracted by gold.
You grab the meliai.
The meliai is moderately wounded.
You constrict the meliai. The meliai barely misses you.
You block the meliai's attack.
Unknown command.
You feel better.
You constrict the meliai. The meliai hits you with a +0 hand axe!
* * * LOW HITPOINT WARNING * * *
The meliai completely misses you. The meliai hits you with a +0 hand axe!
You die...
Your body crumbles into a pile of gold.

......#..........###.............
......#.######.##..##............
..#...#......###+#..###..........
..##..#.##.### ###..###........
.###..#..### # #.#.[###.....#
#.....#### .## #...#..###....
......# #Q# #.#...#..###..
......# ###C# #)).#...#..'..
......# #=#p# #.#...#..###..
#.....#### #y## #...#..###...)
#.....#..### #S#.# #.#.|###......
......#....#####.###..###........
......#.#....###'#..###..........
......#..#.#...##..##............
......#.#.#.#....###..#....#.....
..>...#..#.#...###....##...#.....
......#.#....###......#######...#


You could see a tengu warrior, a cyclops, a water moccasin shaped shifter and a
meliai (contam).

Vanquished Creatures
  A centaur warrior (D:9)
  Erica (D:8)
  4 two-headed ogres
  An ugly thing (D:9)
  A hornet (D:7)
  Grinder (D:4)
  A wraith (D:7)
  A wyvern (D:8)
  6 yaks (D:9)
  A vampire (D:9)
  5 water moccasins
  An acid dragon (D:9)
  A sky beast (D:7)
  An orc warrior (D:8)
  2 black bears (D:7)
  3 ogres
  3 centaurs
  A kobold brigand (D:9)
  6 phantoms (D:7)
  A gnoll sergeant (D:6)
  3 bullfrogs
  8 scorpions
  16 wights
  6 killer bees (D:8)
  3 howler monkeys
  3 centaur zombies (D:7)
  7 hounds
  A jelly (D:5)
  2 bombardier beetles
  Crazy Yiuf (D:5)
  6 orc priests
  2 gnoll boudas
  6 iguanas
  8 sleepcaps
  8 orc wizards
  5 scorpion zombies (D:7)
  5 killer bee zombies (D:7)
  14 gnolls
  9 adders
  6 shadow imps
  2 white imps
  A dart slug (D:1)
  3 ribbon worms
  33 orcs
  9 ball pythons
  5 endoplasms
  3 giant cockroaches (D:1)
  5 goblins
  6 hobgoblins
  7 jackals (D:1)
  9 kobolds
  2 quokkas (D:4)
  9 bats
  6 frilled lizards
  10 rats
271 creatures vanquished.

Notes
Turn   | Place    | Note
-------+----------+-------------------------------------------
     0 | D:1      | timneilson the Octopode Shapeshifter began the quest for
                  | the Orb.
     0 | D:1      | Reached XP level 1. HP: 13/13 MP: 1/1
    23 | D:1      | Reached XP level 2. HP: 11/18 MP: 2/2
   146 | D:1      | Reached skill level 1 in Stealth
   150 | D:1      | Reached XP level 3. HP: 23/23 MP: 3/3
   517 | D:1      | Reached XP level 4. HP: 29/29 MP: 4/4
  1437 | D:3      | Reached XP level 5. HP: 34/34 MP: 5/5
  1465 | D:3      | Reached skill level 1 in Shields
  1687 | D:3      | Reached XP level 6. HP: 41/41 MP: 6/6
  2045 | D:4      | Reached skill level 1 in Evocations
  2093 | D:4      | Noticed Grinder
  2103 | D:4      | Killed Grinder
  2104 | D:4      | Reached XP level 7. HP: 25/46 MP: 7/7
  2257 | D:4      | Identified the +7 sling of Uskayaw's Favour {speed, rN+
                  | SInv Stlth+}
  2900 | D:5      | Entered Level 5 of the Dungeon
  2949 | D:5      | Reached XP level 8. HP: 43/54 MP: 8/8
  3003 | D:5      | Found a white marble altar of Elyvilon.
  3192 | D:5      | Reached skill level 5 in Unarmed Combat
  3537 | D:5      | Found a runed translucent door.
  3538 | D:5      | Noticed Crazy Yiuf
  3634 | D:5      | Reached skill level 5 in Shapeshifting
  4089 | D:5      | Killed Crazy Yiuf
  4222 | D:6      | Reached skill level 5 in Dodging
  4518 | D:6      | Reached XP level 9. HP: 60/60 MP: 9/9
  4912 | D:6      | Reached skill level 5 in Fighting
  5176 | D:7      | Reached skill level 5 in Stealth
  5625 | D:7      | Found a staircase to the Ecumenical Temple.
  5634 | Temple   | Entered the Ecumenical Temple
  5665 | Temple   | Became a worshipper of Gozag Ym Sagoz the Greedy
  5734 | D:7      | Reached skill level 5 in Evocations
  5734 | D:7      | Reached XP level 10. HP: 71/71 MP: 10/10
  6519 | D:7      | Reached XP level 11. HP: 75/75 MP: 11/11
  6855 | D:7      | Identified the +4 shadow dragon scales "Simpoacla" {Str+6
                  | Dex+3 Stlth++++}
  7217 | D:8      | Noticed a two-headed ogre
  7220 | D:8      | Killed a two-headed ogre
  7221 | D:8      | Noticed Erica
  7228 | D:8      | Killed Erica
  7557 | D:8      | Found Ubigh's Magic Scroll Boutique.
  8092 | D:9      | Noticed a two-headed ogre
  8136 | D:9      | Noticed a two-headed ogre
  8146 | D:9      | Killed a two-headed ogre
  8529 | D:9      | Killed a two-headed ogre
  8955 | D:9      | Found a glowing silver altar of Zin.
  8963 | D:9      | Learned a level 3 spell: Swiftness
  9020 | D:9      | Noticed a two-headed ogre
  9025 | D:9      | Killed a two-headed ogre
  9370 | D:9      | Reached XP level 12. HP: 47/84 MP: 12/12
  9666 | D:9      | Reached skill level 1 in Air Magic
  9832 | D:9      | Noticed a tengu warrior
  9833 | D:9      | Noticed a centaur warrior
  9840 | D:9      | Noticed a boulder beetle
  9842 | D:9      | Killed a centaur warrior
  9842 | D:9      | Identified the ring of Acuixt {rPois rN+ Str+4 Slay+4}
  9843 | D:9      | Reached skill level 1 in Spellcasting
  9843 | D:9      | HP: 1/84 [meliai/+0 hand axe (8)]
  9845 | D:9      | Mangled by a meliai

Illustrated notes

Levels and vault maps discovered:
D:1:      dpeg_arrival_shrine, layout_loops_ring
D:2:      layout_rooms, nicolae_elevator_lobby_asterisk
D:3:      wander_river, layout_rooms, reono_crystal_passage
D:4:      layout_basic, grunt_ministairs_12, kennysheep_nub, uniq_grinder
D:5:      layout_basic, mainiacjoe_overflow_chevrons, serial_park_tiny_2,
          hangedman_abyss_or_decor_slice, uniq_crazy_yiuf_cottage
D:6:      layout_gridville, serial_glass, glass_columns_c, glass_columns_a,
          glass_columns_a, glass_columns_a, glass_columns_a, glass_columns_b,
          ebering_dispersal_statue_hall, amcnicky_mini_corridor_feature,
          minmay_small_thing
D:7:      bobbens_index_wilting_gardens, layout_cave_pools,
          minmay_temple_entry_crystal_x, dk_noncrumbling_2, dk_noncrumbling_4,
          chequers_serial_rivers_small_b
D:8:      layout_cave_pools, serial_shops, nicolae_shop_advertising_works
          [nicolae_subvault_shop_adworks], uniq_erica
D:9:      minmay_the_grid_triangle_9x9_recursive_2
          [minmay_the_grid_triangle_9x9_prize_special,
          minmay_the_grid_triangle_9x9_from_above,
          minmay_the_grid_triangle_9x9_limited_checkers,
          minmay_the_grid_triangle_9x9_sparse_checkered], layout_cross,
          zin_treasury
Temple:   mainiacjoe_temple_big_plus

Skill      XL: |  1  2  3  4  5  6  7  8  9 10 11 12 |
---------------+-------------------------------------+-----
Stealth        | 1 2 3 4 7 8 |  8.8
Fighting       | 2 3 4 7 8 |  8.7
Dodging        | 3 4 5 7 8 9 |  9.0
Shields        | 1 2 3 4 |  4.1
Shapeshifting  | 4 5 7 8 |  8.6
Unarmed Combat | 4 5 8 9 |  9.3
Evocations     | 1 2 3 5 6 |  6.2
Air Magic      | 1 |  1.1
Spellcasting   | 1 |  1.0

Action                     |  1- 3 |  4- 6 |  7- 9 | 10-12 || total
---------------------------+-------+-------+-------+-------++-------
  Melee: Unarmed           |    49 |   120 |   252 |   338 ||   759
         Constrict         |    13 |    33 |    66 |    68 ||   180
         Tentacles         |     8 |    22 |    83 |    98 ||   211
         Punch             |     2 |     3 |     9 |       ||    14
  Throw: Dart              |       |       |    10 |       ||    10
  Evoke: Wand              |       |       |       |     3 ||     3
    Use: Scroll            |       |     7 |     8 |     1 ||    16
         Potion            |       |       |     4 |     4 ||     8
   Stab: Sleeping          |     4 |    11 |     4 |     6 ||    25
         Distracted        |     1 |     1 |       |     1 ||     3
 Armour: Skin              |    17 |    25 |    65 |   116 ||   223
  Dodge: Dodged            |    32 |    38 |    78 |   278 ||   426
  Block: Buckler           |     7 |    36 |    99 |       ||   142
         Reflection        |       |     5 |     1 |     2 ||     8
         Other             |       |       |       |    73 ||    73
   Form: Flux              |       |       |       |     1 ||     1

Table legend: (Time is in decaauts)
 A = Elapsed time spent in this place.
 B = Non-inter-level travel time spent in this place.
 C = Inter-level travel time spent in this place.
 D = Time resting spent in this place.
 E = Time spent auto-exploring this place.
 F = Levels seen in this place.
 G = Mean time per level.
                   A        B        C        D        E       F      G
               +--------+--------+--------+--------+--------+-----+--------+
         Total |   9789 |   9483 |    306 |   1686 |   5269 |  10 |  978.9 |
       Dungeon |   9727 |   9480 |    247 |   1686 |   5269 |   9 | 1080.8 |
        Temple |     61 |      2 |     59 |      0 |      0 |   1 |   61.0 |
               +--------+--------+--------+--------+--------+-----+--------+

Top non-repeatable levels by time:
     D:7: 1700 daAuts
     D:8: 1411 daAuts
     D:9: 1261 daAuts
     D:5: 1243 daAuts
     D:6: 1213 daAuts
     D:1: 803 daAuts
     D:3: 760 daAuts
     D:4: 703 daAuts
     D:2: 628 daAuts
  Temple: 61 daAuts
